 Dungeon Crawl Stone Soup version 0.31-a0-152-g6aa68a64a1 (webtiles) character file.

Game seed: 11897464573307325231

39 qw the Shooter (level 3, -1/32 HPs)
             Began as a Naga Hunter on June 10, 2023.
             Slain by an orc wizard
             ... wielding a +0 dagger
              (2 damage)
             ... on level 3 of the Dungeon.
             The game lasted 00:00:22 (1533 turns).

qw the Shooter (Naga Hunter)                        Turns: 1533, Time: 00:00:23

Health: -1/32      AC:  3    Str: 13    XL:     3   Next: 45%
Magic:  0/3        EV:  9    Int:  9    God:
Gold:   107        SH:  0    Dex: 16    Spells: 2/2 levels left

rFire   . . .        Y - +0 shortbow
rCold   . . .        (shield currently unavailable)
rNeg    . . .        c - +0 leather armour
rPois   +            (no helmet)
rElec   .            (no cloak)
rCorr   .            g - +0 pair of gloves
SInv    +            (no barding)
Will    .....        l - amulet of guardian spirit
Stlth   ++           (no ring)
HPRegen 0.25/turn    (no ring)
MPRegen 0.08/turn

%: guardian spirit
@: very slow
A: AC +1, large, see invisible, deformed body, poison resistance, slowness 2,
spit poison 1, naga tail 1
a: Spit Poison


You were on level 3 of the Dungeon.
You visited 1 branch of the dungeon, and saw 3 of its levels.

You collected 107 gold pieces.


Innate Abilities, Weirdness & Mutations

Your serpentine skin is tough. (AC +1)
You have supernaturally acute eyesight. (SInv)
Armour fits poorly on your strangely shaped body.
Your system is resistant to poisons. (rPois)
You cover ground very slowly.
You can spit poison.
You have a snake-like lower body.


   Skills:
 - Level 2.0 Fighting
 + Level 4.7 Ranged Weapons
 - Level 1.5 Dodging
 - Level 1.5 Stealth


You had 2 spell levels left.
You didn't know any spells.
Your spell library was empty.

Inventory:

Hand Weapons
 Y - a +0 shortbow (weapon)
Armour
 c - a +0 leather armour (worn)
 g - a +0 pair of gloves (worn)
Jewellery
 l - an amulet of guardian spirit (around neck)
Potions
 d - a potion of magic {unknown}
 f - a potion of heal wounds {unknown}
 h - a potion of degeneration {unknown}
 i - a potion of curing {unknown}
 j - a potion of enlightenment {unknown}
 k - a potion of might {unknown}

Dungeon Overview and Level Annotations

Branches:
Dungeon (3/15)

Altars:


Message History

You shoot an arrow. The arrow closely misses the orc.
The arrow hits the orc wizard.
The orc wizard is moderately wounded.
An orc comes into view. It is wielding a +0 short sword.
The orc barely misses you.
You shoot an arrow. The arrow hits the orc.
The orc is severely wounded.
The orc hits you with a +0 war axe!
You shoot an arrow. The arrow hits the orc.
You kill the orc!
You shoot an arrow. The arrow hits the orc wizard.
The orc wizard is moderately wounded.
You have got your breath back.
The orc wizard hits you with a +0 dagger.
The orc wizard barely misses you.
1529 ||| INVOKING Spit Poison.
Aiming: Spit Poison (2% risk of failure)
Press: ? - help, Shift-Dir - straight line, f/p - orc wizard The splash of poison misses the orc wizard.
The splash of poison hits the orc.
The orc is poisoned.
You kill the orc!
The orc wizard closely misses you.
You shoot an arrow. The arrow barely misses the orc wizard.
The arrow hits the orc but does no damage.
The orc wizard casts a spell at you. The puff of flame hits you!
You shoot an arrow.
The arrow closely misses the orc wizard.
The arrow hits the orc but does no damage.
The orc wizard hits you with a +0 dagger.
You shoot an arrow.
The arrow completely misses the orc wizard.
The arrow hits the orc.
The orc is lightly wounded.
The orc wizard hits you with a +0 dagger.
You shoot an arrow. The arrow hits the orc wizard.
The orc wizard is moderately wounded.
You have got your breath back.
The orc wizard hits you with a +0 dagger.
You die...

##.....#######
#########.##.#
............<#
############.#
#.# #.# #.#
.#######.#
#....oo@.#
.#########


You could see an orc wizard and an orc.

Vanquished Creatures
  An adder (D:2)
  3 orcs (D:3)
  3 ball pythons
  3 bats
  4 endoplasms
  4 goblins
  A hobgoblin (D:1)
  2 kobolds
  2 frilled lizards (D:1)
  A rat (D:1)
24 creatures vanquished.

Notes
Turn   | Place    | Note
-------+----------+-------------------------------------------
     0 | D:1      | qw the Naga Hunter began the quest for the Orb.
     0 | D:1      | Reached XP level 1. HP: 19/19 MP: 1/1
     0 | D:1      | 0 ||| qw: Version: 0.2-a-122-gbc61b45
     0 | D:1      | 0 ||| qw: Game counter: 3628
     0 | D:1      | 0 ||| qw: Always use a shield: true
     0 | D:1      | 0 ||| qw: God list: Okawaru
     0 | D:1      | 0 ||| qw: Allow faded altars: false
     0 | D:1      | 0 ||| qw: Do Orc after D:15 true
     0 | D:1      | 0 ||| qw: Do second Lair branch before Depths: true
     0 | D:1      | 0 ||| qw: Lair rune preference: random
     0 | D:1      | 0 ||| qw: Plans: Normal
     0 | D:1      | 0 ||| PLANNING D:1-11
    28 | D:1      | 28 ||| INVOKING Spit Poison.
    87 | D:1      | 87 ||| INVOKING Spit Poison.
   191 | D:1      | 191 ||| INVOKING Spit Poison.
   360 | D:1      | 360 ||| INVOKING Spit Poison.
   408 | D:1      | 408 ||| INVOKING Spit Poison.
   409 | D:1      | Reached skill level 4 in Ranged Weapons
   409 | D:1      | Reached XP level 2. HP: 26/26 MP: 2/2
   653 | D:1      | 653 ||| INVOKING Spit Poison.
   659 | D:1      | 659 ||| INVOKING Spit Poison.
   764 | D:1      | 764 ||| INVOKING Spit Poison.
   877 | D:1      | 877 ||| READING scroll labelled YKASOE UVVI.
   881 | D:1      | 881 ||| READING scroll labelled IXTEUSTR LIDD.
   882 | D:1      | 882 ||| READING scroll labelled FIRGHU TIDGHU.
   883 | D:1      | 883 ||| READING scroll labelled JIUMOC VYSCH.
   884 | D:1      | 884 ||| DROPPING scroll of butterflies.
   905 | D:2      | 905 ||| INVOKING Spit Poison.
   906 | D:2      | 906 ||| INVOKING Spit Poison.
   996 | D:2      | 996 ||| INVOKING Spit Poison.
  1001 | D:2      | 1001 ||| INVOKING Spit Poison.
  1049 | D:2      | Reached XP level 3. HP: 32/32 MP: 3/3
  1049 | D:2      | 1049 ||| INVOKING Spit Poison.
  1163 | D:2      | 1163 ||| INVOKING Spit Poison.
  1220 | D:2      | 1220 ||| INVOKING Spit Poison.
  1223 | D:2      | 1223 ||| INVOKING Spit Poison.
  1230 | D:2      | 1230 ||| INVOKING Spit Poison.
  1428 | D:2      | 1428 ||| UPGRADING to +0 pair of gloves.
  1433 | D:2      | 1433 ||| UPGRADING to amulet of guardian spirit.
  1438 | D:2      | 1438 ||| DROPPING ring of magical power.
  1439 | D:2      | 1439 ||| READING scroll labelled FAWEKI XOUWIO.
  1440 | D:2      | 1440 ||| READING scroll labelled OGHE HAMENEI.
  1514 | D:3      | 1514 ||| INVOKING Spit Poison.
  1519 | D:3      | 1519 ||| INVOKING Spit Poison.
  1522 | D:3      | 1522 ||| INVOKING Spit Poison.
  1529 | D:3      | 1529 ||| INVOKING Spit Poison.
  1530 | D:3      | HP: 5/32 [orc wizard/puff of flame (6)]
  1532 | D:3      | HP: 1/32 [orc wizard/+0 dagger (2)]
  1533 | D:3      | Slain by an orc wizard

Levels and vault maps discovered:
D:1:      elethiomel_arrival_infinity_welcomes_careful_drivers, layout_basic
D:2:      layout_basic, corexii_leaking_fountain, nrook_loot_triangle
D:3:      layout_loops_ring, chequers_serial_rivers_small_a,
          kennysheep_big_empty_room, minmay_shallow_snake_nest

Skill      XL: |  1 |
---------------+----+-----
Ranged Weapons | 4 |  4.7
Fighting       | |  2.0
Dodging        | |  1.5
Stealth        | |  1.5

Action                     || total
---------------------------++-------
   Fire: Shortbow          ||    44
Ability: Spit Poison       ||    20
    Use: Scroll            ||     6
 Armour: Leather armour    ||     3
  Dodge: Dodged            ||    19

Table legend:
 A = Non-vault XP
 B = Vault XP
 C = Vault XP percentage of total XP
 D = Non-vault monster count
 E = Vault monster count
 F = Vault count percentage of total count
                 A         B        C        D         E       F
            +---------+---------+-------+---------+---------+-------
      Total |      56 |       0 |   0.0 |      24 |       0 |   0.0
            +---------+---------+-------+---------+---------+-------
        D:1 |      18 |       0 |   0.0 |      11 |       0 |   0.0
        D:2 |      27 |       0 |   0.0 |       9 |       0 |   0.0
        D:3 |      11 |       0 |   0.0 |       4 |       0 |   0.0
            +---------+---------+-------+---------+---------+-------
